 Dungeon Crawl Stone Soup version 0.24.0-35-gdb84b6a5db (webtiles) character file.

Game seed: 10884338978382891853, levelgen mode: deterministic

355 Delamore the Cleaver (level 6, -4/51 HPs)
             Began as a Hill Orc Fighter on Nov 20, 2019.
             Was a Follower of Okawaru.
             Engulfed by a cloud of flame (25 damage)
             ... on level 4 of the Dungeon.
             The game lasted 00:04:20 (4262 turns).

Delamore the Cleaver (Hill Orc Fighter)             Turns: 4262, Time: 00:04:21

Health: -4/51      AC:  7    Str: 21    XL:     6   Next: 63%
Magic:  6/6        EV: 22    Int:  8    God:    Okawaru [*.....]
Gold:   279        SH:  9    Dex: 13    Spells: 5/5 levels left

rFire    . . .     SeeInvis +   a - +0 war axe
rCold    . . .     Gourm    .   c - +0 shield
rNeg     . . .     Faith    .   b - +0 scale mail
rPois    .         Spirit   .   j - +1 hat
rElec    .         Reflect  .   (no cloak)
rCorr    .         Harm     .   (no gloves)
MR       .....                  (no boots)
Stlth    ..........             m - amulet of the acrobat
HPRegen  0.17/turn              q - ring of see invisible
MPRegen  0.10/turn              u - +3 ring of dexterity

@: acrobat
A: no striking features
a: Heroism, Renounce Religion


You were on level 4 of the Dungeon.
You worshipped Okawaru.
Okawaru was aware of your devotion.
You were hungry.

You visited 1 branch of the dungeon, and saw 4 of its levels.

You collected 279 gold pieces.

Inventory:

Hand Weapons
 a - a +0 war axe (weapon)
Missiles
 k - 27 poisoned darts (quivered)
Armour
 b - a +0 scale mail (worn)
 c - a +0 shield (worn)
 j - a +1 hat (worn)
Jewellery
 e - an uncursed ring of protection from cold
 m - an amulet of the acrobat (around neck)
 q - a ring of see invisible (left hand)
 r - an uncursed amulet of the gourmand
 u - a +3 ring of dexterity (right hand)
Scrolls
 g - 3 scrolls of teleportation
 h - a scroll of immolation
 l - a scroll of magic mapping
 n - 9 scrolls of remove curse
 o - 4 scrolls of identify
 p - 2 scrolls of amnesia {unknown}
Potions
 d - a potion of might
 i - a potion of mutation {unknown}
 s - 3 potions of resistance {unknown}
 t - a potion of berserk rage {unknown}
 w - a potion of degeneration {unknown}
 x - 2 potions of cancellation {unknown}
 z - a potion of lignification {unknown}
Comestibles
 f - 9 rations


   Skills:
 - Level 3.6 Fighting
 + Level 9.0 Axes
 - Level 3.2 Armour
 - Level 3.2 Shields


You had 5 spell levels left.
You didn't know any spells.
Your spell library was empty.

Dungeon Overview and Level Annotations

Branches:
Dungeon (4/15)             Temple (0/1) D:4

Altars:
Fedhas
Hepliaklqana
Nemelex Xobeh
Okawaru
Wu Jian

Shops:
D:4 (


Message History

(? for menu, Esc to cancel) < or
e - a ring of protection from cold; > or
q - a ring of see invisible You remove your ring of see invisible.
You feel agile.
u - a +3 ring of dexterity (right hand) You're wearing all the rings you can.
Remove which one? (? for menu, Esc to cancel) < or
e - a ring of protection from cold; > or
u - a +3 ring of dexterity You remove your ring of protection from cold.
q - a ring of see invisible (left hand)
You remove your amulet of the gourmand.
You feel ready to tumble and roll out of harm's way.
m - an amulet of the acrobat (around neck) Really walk into a travel-excluded area?
Really walk into that cloud of flame?
You are engulfed in blazing flames.
You're standing in a cloud of flame!
You are engulfed in blazing flames.
You are engulfed in blazing flames.
You die...

...# #.# ##.##
...# #.# #...#
...# #># #§○°#
...#######(#
#.°○#
.#.##......#
#☼☼§#
...##.######
######...######
...##.#
##.§○☼.....☼☼○.#
....#.#
#..☼°°..(..§°☼.#
......#
#..@§°.....§○§.#
....###
##.#####...######
.##.# #.## #§§§#
.##.# ##.# #§○☼#
....# #####.#
#○○☼# ##### .####
##.....# ###...#
#...# ..#
##..#.#.###.#####
###.# ..#
#..###......# #.#
..#
##.####'#######
#.#


There were no monsters in sight!

Vanquished Creatures
  An ogre (D:4)
  A bullfrog skeleton (D:4)
  Crazy Yiuf (D:2)
  An orc wizard (D:4)
  2 worker ants (D:4)
  4 adders
  3 worms
  3 dart slugs
  3 leopard geckos
  5 orcs
  2 ball pythons
  4 bats
  3 giant cockroaches (D:4)
  7 goblins
  7 hobgoblins
  13 jackals
  5 kobolds
  2 quokkas (D:4)
  7 frilled lizards
  A leopard gecko skeleton (D:4)
  A rat (D:1)
76 creatures vanquished.

Notes
Turn   | Place    | Note
-------+----------+-------------------------------------------
     0 | D:1      | Delamore the Hill Orc Fighter began the quest for the Orb.
     0 | D:1      | Reached XP level 1. HP: 19/19 MP: 1/1
    51 | D:1      | Reached skill level 3 in Axes
   307 | D:1      | Reached XP level 2. HP: 17/26 MP: 2/2
   451 | D:1      | Reached skill level 4 in Axes
   579 | D:1      | Reached XP level 3. HP: 25/31 MP: 3/3
   766 | D:1      | Found a sparkling altar of Nemelex Xobeh.
  1321 | D:2      | Reached skill level 5 in Axes
  1379 | D:2      | Found an iron altar of Okawaru.
  1404 | D:2      | Became a worshipper of Warmaster Okawaru
  1486 | D:2      | Reached XP level 4. HP: 16/39 MP: 4/4
  1937 | D:2      | Found a runed translucent door.
  1938 | D:2      | Noticed Crazy Yiuf
  2013 | D:2      | Reached skill level 6 in Axes
  2185 | D:2      | Killed Crazy Yiuf
  2491 | D:3      | Reached XP level 5. HP: 45/45 MP: 5/5
  2727 | D:3      | Found an iron altar of Okawaru.
  2727 | D:3      | Found an ornate altar of the Wu Jian Council.
  2951 | D:4      | Found a blossoming altar of Fedhas.
  2954 | D:4      | Reached skill level 7 in Axes
  3019 | D:4      | Found a staircase to the Ecumenical Temple.
  3283 | D:4      | Noticed an ogre
  3286 | D:4      | Reached skill level 8 in Axes
  3286 | D:4      | Reached XP level 6. HP: 41/51 MP: 6/6
  3290 | D:4      | Reached * piety under Okawaru
  3350 | D:4      | Found Joef's Antique Weapon Boutique.
  3451 | D:4      | Found a hazy altar of Hepliaklqana.
  3765 | D:4      | Reached skill level 9 in Axes
  3957 | D:4      | HP: 1/51 [something (13)]
  4262 | D:4      | Engulfed by a cloud of flame

Levels and vault maps discovered:
D:1:      minmay_arrival_loop, layout_basic, nemelex_xobeh_ov_fountains_minmay
D:2:      minmay_skewed_foursquare, layout_basic, okawaru_metal_pillars_1_2,
          uniq_crazy_yiuf_cottage
D:3:      layout_loops_ring, gammafunk_temple_overflow_pools, first_ration
D:4:      layout_loops_cross, overflow_temple_1_default, lemuel_doored_altar,
          minmay_temple_entry_glassed_door, serial_shops,
          nicolae_shop_behind_doors, lemuel_flame_loot_1

Skill      XL: |  1  2  3  4  5  6 |
---------------+-------------------+-----
Axes           | 3 4 5 6 8 9 |  9.0
Fighting       | |  3.6
Armour         | |  3.2
Shields        | |  3.2

Action                   |  1- 3 |  4- 6 || total
-------------------------+-------+-------++-------
Melee: War axe           |   120 |   115 ||   235
Throw: Dart              |       |     2 ||     2
  Use: Scroll            |     3 |     1 ||     4
       Potion            |       |     1 ||     1
  Eat: Chunk             |     2 |     8 ||    10
Armor: Scale mail        |    65 |    45 ||   110
Dodge: Dodged            |    34 |    44 ||    78
Block: Shield            |    71 |    46 ||   117
